 Dungeon Crawl Stone Soup version 0.29.0-4-gdea44cf6ec (webtiles) character file.

Game seed: 12763657252933335247

1472 PieDemon the Tainter (level 9, -1/70 HPs)
             Began as a Meteoran Venom Mage on Aug 26, 2022.
             Slain by a slime creature (15 damage)
             ... on level 7 of the Dungeon.
             The game lasted 00:31:37 (1462 turns).

PieDemon the Tainter (Meteoran Venom Mage)          Turns: 1462, Time: 00:31:43

Health: -1/70      AC:  2    Str:  9    XL:     9   Next: 27%
Magic:  6/16       EV: 13    Int: 22    God:
Gold:   150        SH:  0    Dex: 15    Spells: 6/16 levels left

rFire   . . .      SeeInvis +   s - +2 dagger (venom)
rCold   . . .      Faith    .   (no shield)
rNeg    + . .      Spirit   .   a - +0 robe
rPois   .          Reflect  .   (no helmet)
rElec   .          Harm     .   h - scarf {repulsion}
rCorr   .          Rampage  .   (no gloves)
Will    +....                   (no boots)
Stlth   +.........              (no amulet)
HPRegen 0.21/turn               j - ring of positive energy
MPRegen 0.15/turn               l - ring of see invisible

@: glowing, repel missiles
A: sense surroundings 2, otherworldly, glowing, explore regen
a: no special abilities


You were on level 7 of the Dungeon.
You visited 1 branch of the dungeon, and saw 7 of its levels.
You also visited: Sewer.

You collected 150 gold pieces.

Inventory:

Hand Weapons
 s - a +2 dagger of venom (weapon)
 t - a +1 whip of flaming
 u - a +0 sling
Missiles
 c - 23 stones
 p - 26 poisoned darts
 r - 2 curare-tipped darts
 y - 2 silver javelins
Armour
 a - a +0 robe (worn)
 h - a scarf of repulsion (worn)
 k - an orb of energy
Jewellery
 j - a ring of positive energy (left hand)
 l - a ring of see invisible (right hand)
Wands
 m - a wand of quicksilver (2)
Scrolls
 d - a scroll of enchant armour {unknown}
 e - a scroll of acquirement {unknown}
 f - 3 scrolls of vulnerability
 o - a scroll of brand weapon {unknown}
 q - a scroll of teleportation
 v - a scroll of enchant weapon {unknown}
 A - a scroll of identify
Potions
 b - a potion of magic
 g - 2 potions of curing
 i - a potion of invisibility {unknown}
 n - a potion of mutation {unknown}
 w - a potion of attraction {unknown}
 x - a potion of might {unknown}
 z - a potion of degeneration {unknown}
 B - a potion of brilliance {unknown}


   Skills:
 + Level 3.3 Fighting
 + Level 3.8 Dodging
 - Level 1.4 Stealth
 - Level 4.0 Spellcasting
 + Level 3.5 Conjurations
 - Level 1.2 Transmutations
 + Level 3.5 Air Magic
 - Level 10.0 Poison Magic
 + Level 2.7 Evocations


You had 6 spell levels left.
You knew the following spells:

 Your Spells              Type           Power      Damage    Failure   Level
a - Sting                 Tmut/Pois      100%       1d8       1%          1
b - Poisonous Vapours     Pois/Air       68%        N/A       1%          2
c - Mephitic Cloud        Conj/Pois/Air  29%        N/A       3%          3
d - Olgreb's Toxic Radia  Pois           48%        N/A       1%          4

Your spell library contained the following spells:

 Spells                   Type           Power      Damage    Failure   Level
 Summon Small Mammal      Summ           16%        N/A       11%         1
 Call Canine Familiar     Summ           4%         N/A       32%         3
 Summon Guardian Golem    Hex/Summ       4%         N/A       32%         3


Dungeon Overview and Level Annotations

Branches:
Dungeon (7/15) Zot: 3094    Sewer (visited)
 Temple: D:4-7

Altars:
The Shining One

Shops:
D:2 :

Annotations:
D:6 exclusion: upstairs
D:7 exclusion: upstairs


Innate Abilities, Weirdness & Mutations

You passively map the area around you.
You are easily found by Zot.
You glow in the dark.
You regain HP and MP as you explore.


Message History

Press: ? - help, Shift-Dir - straight line, f/p - slime creature
Aim: a slime creature (lightly wounded, very poisoned, 95% to hit)
The sting hits the slime creature.
The slime creature partially resists.
The slime creature looks as sick as possible!
The slime creature is lightly wounded.
The slime creature hits you!
* * * LOW HITPOINT WARNING * * *
Okay, then.
Okay, then.
Aiming: Quicksilver Bolt
Press: ? - help, Shift-Dir - straight line, f/p - slime creature
Aim: a slime creature (moderately wounded, extremely poisoned, 94% to hit)
The bolt of dispelling energy hits the slime creature!
The slime creature is heavily wounded.
The slime creature closely misses you.
Aiming: Quicksilver Bolt
Press: ? - help, Shift-Dir - straight line, f/p - slime creature
Aim: a slime creature (heavily wounded, extremely poisoned, 94% to hit)
The bolt of dispelling energy hits the slime creature!!
The slime creature is severely wounded.
The slime creature hits you.
* * * LOW HITPOINT WARNING * * *
Casting: Sting (safe; 1% risk of failure)
Confirm with . or Enter, or press ? or * to list all spells.
Aiming: Sting (safe; 1% risk of failure)
Press: ? - help, Shift-Dir - straight line, f/p - slime creature
Aim: a slime creature (almost dead, extremely poisoned, 95% to hit)
The sting hits the slime creature but does no damage.
The slime creature looks as sick as possible!
The slime creature is almost dead.
The slime creature misses you.
Casting: Sting (safe; 1% risk of failure)
Confirm with . or Enter, or press ? or * to list all spells.
Aiming: Sting (safe; 1% risk of failure)
Press: ? - help, Shift-Dir - straight line, f/p - slime creature
Aim: a slime creature (almost dead, extremely poisoned, 95% to hit)
The sting hits the slime creature.
The slime creature partially resists.
The slime creature is almost dead.
The slime creature hits you!
You die...

, #....+
, , * * *
,#$...# ,
, *
#....# ,
, , , * *
#....# ,
, ,
#....# ,
, ,
**,#....#
, * *
#....#, ,
, , , *
#J...#, *
*
#@...#,,
, #+####
* * * * *
* , , ,,
,*,, * *,
, , , **
,, , , *
, , , >,
* * ,* **
* , + ,,
,, , * ,
, ,⌠ ,


You could see a slime creature (extremely poisoned).

Vanquished Creatures
  A wyvern (D:7)
  An orc warrior (D:6)
  A black bear (D:6)
  2 centaurs (D:5)
  7 kobold brigands (Sewer)
  3 bullfrogs
  2 jellies
  2 orc priests (D:7)
  2 iguanas
  2 orc wizards
  2 adders
  2 river rats
  A shadow imp (D:6)
  2 worms (Sewer)
  2 orcs
  5 ball pythons
  A bat (D:1)
  7 endoplasms
  6 giant cockroaches
  2 hobgoblins
  3 jackals (D:4)
  5 kobolds
  3 quokkas
  A frilled lizard (D:1)
  A goblin (D:4)
  3 rats
69 creatures vanquished.

Notes
Turn   | Place    | Note
-------+----------+-------------------------------------------
     0 | D:1      | PieDemon the Meteoran Venom Mage began the quest for the
                  | Orb.
     0 | D:1      | Reached XP level 1. HP: 14/14 MP: 5/5
    34 | D:1      | Reached XP level 2. HP: 14/22 MP: 1/6
    37 | D:1      | Learned a level 2 spell: Poisonous Vapours
    47 | D:1      | Reached skill level 4 in Poison Magic
   109 | D:1      | Reached skill level 1 in Fighting
   183 | D:2      | Found Lyllepoi's Book Shoppe.
   292 | D:4      | Reached XP level 3. HP: 28/28 MP: 4/8
   343 | D:4      | Learned a level 3 spell: Mephitic Cloud
   376 | D:4      | Found a glowing drain.
   383 | Sewer    | Entered a sewer
   398 | Sewer    | Noticed a kobold brigand
   409 | Sewer    | Killed a kobold brigand
   410 | Sewer    | Reached skill level 5 in Poison Magic
   410 | Sewer    | Reached XP level 4. HP: 35/35 MP: 1/10
   410 | Sewer    | Reached XP level 5. HP: 40/40 MP: 1/11
   415 | Sewer    | Learned a level 4 spell: Olgreb's Toxic Radiance
   545 | Sewer    | Noticed a kobold brigand
   557 | Sewer    | Killed a kobold brigand
   558 | Sewer    | Reached skill level 1 in Conjurations
   558 | Sewer    | Reached skill level 1 in Air Magic
   558 | Sewer    | Reached skill level 6 in Poison Magic
   558 | Sewer    | Reached XP level 6. HP: 33/48 MP: 2/13
   688 | Sewer    | Reached XP level 7. HP: 27/55 MP: 1/14
   693 | Sewer    | Reached skill level 7 in Poison Magic
   747 | Sewer    | HP: 2/55 [kobold brigand/+2 short sword of protection (6)]
   750 | Sewer    | Reached skill level 8 in Poison Magic
   907 | D:5      | Entered Level 5 of the Dungeon
   914 | D:5      | Reached XP level 8. HP: 46/61 MP: 9/15
  1001 | D:5      | Reached skill level 9 in Poison Magic
  1206 | D:6      | Reached skill level 10 in Poison Magic
  1280 | D:6      | Reached skill level 1 in Evocations
  1296 | D:6      | Gained mutation: You passively map the area around you.
                  | [Meteoran growth]
  1296 | D:6      | Reached XP level 9. HP: 17/68 MP: 0/16
  1370 | D:7      | Found a glowing golden altar of the Shining One.
  1447 | D:7      | Noticed a slime creature
  1462 | D:7      | Slain by a slime creature

Illustrated notes

Levels and vault maps discovered:
D:1:      ldierk_walled_garden_2, layout_basic,
          hellmonk_ecumenical_altar_leap_of_faith, minmay_misc_feat_square
D:2:      layout_loops_corners, serial_shops, nicolae_shop_overgrown_old_shop,
          nicolae_shop_trees, shop, nicolae_diamond_shop
D:3:      layout_rooms, uniq_terence, uniq_crazy_yiuf_cottage
D:4:      layout_gridville, gup_sewer_entry_bubbles, serial_bayou_pond_e,
          kennysheep_orc_chapel
D:5:      layout_cave_pods, minmay_temple_entry_proselytizer,
          grunt_decor_fettered, grunt_ministairs_7, kennysheep_donut,
          solitary_fountain
D:6:      layout_basic, gammafunk_ghost_smash, minmay_manual_mess
D:7:      minmay_klotski, layout_rooms, lemuel_doored_altar,
          kennysheep_generic_room_12

Skill      XL: |  1  2  3  4  5  6  7  8  9 |
---------------+----------------------------+-----
Poison Magic   | 4 5 6 8 10 | 10.0
Fighting       | 1 2 3 |  3.3
Spellcasting   | 3 4 |  4.0
Conjurations   | 1 2 3 |  3.5
Air Magic      | 1 2 3 |  3.5
Evocations     | 1 2 |  2.7
Dodging        | 3 |  3.8
Stealth        | |  1.4
Transmutations | |  1.2

Action                   |  1- 3 |  4- 6 |  7- 9 || total
-------------------------+-------+-------+-------++-------
Melee: Unarmed           |    20 |       |       ||    20
       Punch             |     1 |     3 |       ||     4
       Whip              |    18 |    34 |     7 ||    59
       Dagger            |       |       |    38 ||    38
Throw: Dart              |       |     4 |       ||     4
 Cast: Sting             |    31 |    15 |    28 ||    74
       Poisonous Vapours |     5 |    12 |     9 ||    26
       Olgreb's Toxic Ra |       |     3 |    15 ||    18
       Mephitic Cloud    |       |       |     2 ||     2
Evoke: Wand              |     2 |     1 |     5 ||     8
  Use: Scroll            |       |       |     3 ||     3
 Stab: Sleeping          |       |       |     1 ||     1
Armor: Robe              |     7 |     6 |    13 ||    26
Dodge: Dodged            |    18 |    20 |    42 ||    80
